 Dungeon Crawl Stone Soup version 0.20.1-1-g8b1a95d (webtiles) character file.

283604 equalderp2856 the Severer (level 19, -3/177 HPs)
             Began as a Minotaur Fighter on Sept 6, 2017.
             Killed from afar by a Tzitzimitl (9 damage)
             ... with a bolt of cold
             ... in a wizard's laboratory.
             The game lasted 03:27:18 (59052 turns).

equalderp2856 the Severer (Minotaur Fighter)       Turns: 59052, Time: 03:27:20

Health: -3/177     AC: 36    Str: 24    XL:     19   Next: 76%
Magic:  31/31      EV: 10    Int: 12    God:
Gold:   3046       SH: 18    Dex: 13    Spells: 23/36 levels left

rFire    . . .     SeeInvis +   B - +9 broad axe (chop)
rCold    + . .     Gourm    .   c - +0 shield
rNeg     . . .     Faith    .   o - +6 plate armour of Pulior {rC+ Regen+}
rPois    .         Spirit   .   H - +2 hat
rElec    .         Reflect  +   U - +2 cloak {MR+}
rCorr    .         Harm     .   Z - +1 pair of gloves of Poor Excuses {+Blink MR- Regen+ Str-3}
MR       ++...                  j - +2 pair of boots
Stlth    ..........             P - +3 amulet of reflection
Regen    1.2/turn               s - ring of wizardry
MPRegen  0.3/turn               L - ring "Ezizigy" {MR+ Int+3 SInv}

@: mighty, very slightly contaminated, slowed, very slow
A: retaliatory headbutt, horns 2
}: 2/15 runes: decaying, gossamer
a: Evoke Blink


You were in a wizard's laboratory.
You were not hungry.

You visited 6 branches of the dungeon, and saw 33 of its levels.
You also visited: Bailey, Ice Cave and Wizlab.

You collected 3453 gold pieces.
You spent 407 gold pieces at shops.

Inventory:

Hand Weapons
 w - the +4 war axe "Boczepn" {vamp, Int+2}
   (You found it on level 13 of the Dungeon)

   It inflicts no extra harm, but heals its wielder when it wounds a living foe.
   It affects your intelligence (+2).
 B - a +9 broad axe of chopping (weapon)
 K - a +0 vampiric broad axe
 M - a +2 trident of piercing
Armour
 c - a +0 shield (worn)
 j - a +2 pair of boots (worn)
 o - the +6 plate armour of Pulior (worn) {rC+ Regen+}
   (You found it on level 4 of the Lair of Beasts)

   It protects you from cold.
   It increases your rate of regeneration.
 p - a +1 cloak of invisibility
 H - a +2 hat (worn)
 U - a +2 cloak of magic resistance (worn)
 X - a +1 cloak of poison resistance
 Z - the +1 pair of gloves of Poor Excuses (worn) {+Blink MR- Regen+ Str-3}
   (You found it in an ice cave)

   It affects your strength (-3).
   It affects your resistance to hostile enchantments.
   It lets you blink.
   It increases your rate of regeneration.
Jewellery
 g - the ring of the Death Scarab {+Inv rPois MR+ Str-2 Dex+3}
   (You found it on level 13 of the Dungeon)

   [ring of dexterity]

   It affects your strength (-2).
   It affects your dexterity (+3).
   It protects you from poison.
   It affects your resistance to hostile enchantments.
   It lets you turn invisible.
 i - the ring "Syegifeq" {rN+ Str+5 Stlth+}
   (You found it on level 1 of the Swamp)

   [ring of positive energy]

   It affects your strength (+5).
   It protects you from negative energy.
   It makes you more stealthy.
 s - a ring of wizardry (left hand)
 I - an uncursed ring of flight
 J - an uncursed ring of resist corrosion
 L - the ring "Ezizigy" (right hand) {MR+ Int+3 SInv}
   (You found it on level 6 of the Lair of Beasts)

   [ring of intelligence]

   It affects your intelligence (+3).
   It affects your resistance to hostile enchantments.
   It lets you see invisible.
 P - a +3 amulet of reflection (around neck)
Wands
 D - a wand of scattershot (4/9)
 O - a wand of paralysis (11/24)
 Q - a wand of polymorph (8/24)
 T - a wand of iceblast (5/15)
 Y - a wand of acid (5/15)
Scrolls
 b - a scroll of silence
 d - 4 scrolls of blinking
 n - 12 scrolls of identify
 t - 8 scrolls of remove curse
 u - 2 scrolls of fog
 y - 6 scrolls of teleportation
 C - a scroll of fear
Potions
 k - 3 potions of berserk rage
 l - 2 potions of ambrosia
 r - 3 potions of might
 x - 2 potions of haste
 A - 5 potions of agility
 E - 3 potions of cancellation
 R - 3 potions of heal wounds
 S - 14 potions of curing
 W - 2 potions of resistance
Miscellaneous
 z - a lightning rod (1/4)
 F - a phial of floods
Comestibles
 h - 20 royal jellies
 q - 4 meat rations


   Skills:
 + Level 17.2 Fighting
 + Level 20.6(20.7) Axes
 + Level 3.9(14.4) Polearms
 + Level 16.9 Armour
 + Level 5.3 Dodging
 + Level 2.7 Stealth
 + Level 17.8 Shields
 * Level 9.4 Spellcasting
 - Level 3.0 Hexes
 * Level 7.1 Charms
 - Level 2.7 Necromancy
 - Level 2.3 Translocations
 + Level 0.6 Evocations


You had 23 spell levels left.
You knew the following spells:

 Your Spells              Type           Power        Failure   Level  Hunger
a - Blink                 Tloc           N/A          21%         2    None
b - Infusion              Chrm           ###.         1%          1    None
c - Shroud of Golubria    Chrm/Tloc      ###.......   8%          2    None
d - Song of Slaying       Chrm           ###.....     2%          2    None
e - Regeneration          Chrm/Necr      ###.......   14%         3    ##.....
f - Spectral Weapon       Hex/Chrm       ###.....     13%         3    ##.....


Dungeon Overview and Level Annotations

Branches:
Dungeon (15/15)            Temple (0/1) D:5            Lair (6/6) D:8
  Swamp (4/4) Lair:2       Spider (4/4) Lair:2        Slime (0/5) Lair:6
    Orc (2/2) D:11            Elf (0/3) Orc:2        Vaults (2/5) D:14
 Depths (0/5) D:15
  Crypt: Vaults:2-3

Altars:
Dithmenos
Elyvilon
Makhleb
Ru
Trog
Xom
Yredelemnul
Zin
The Shining One
Beogh

Shops:
D:12 %   Orc:1 =   Orc:2 :*::**   Vaults:1 }

Annotations:
D:12 1 runed door


Innate Abilities, Weirdness & Mutations

You reflexively headbutt those who attack you in melee.
You have a pair of horns on your head.


Message History

The bolt of cold hits you! You resist.
* * * LOW HITPOINT WARNING * * *
Unknown command.
You slice the Tzitzimitl!!
You headbutt the Tzitzimitl, but do no damage.
The Tzitzimitl is almost dead.
You slash the lorocyproca! You block the lorocyproca's attack.
The Tzitzimitl calls on the powers of darkness!
Your body is wracked with pain!
* * * LOW HITPOINT WARNING * * *
You block the lorocyproca's attack.
A smoke demon comes into view.
You feel very mighty all of a sudden. The Tzitzimitl gestures at you.
The bolt of cold hits you! You resist.
* * * LOW HITPOINT WARNING * * *
You block the lorocyproca's attack. The Tzitzimitl gestures at you.
The bolt of cold hits you! You resist.
You die...

##### ###...### ##.......##
#.........# #.∩..∩..∩.#
#..2......# ##@1.....##
###3..### ######.######
#####...........#####
####.........3.........####
#.........................#
#......#.......3.......#.....
#........#[.............[#.....
.........#.......1.......#.....


You could see a Tzitzimitl, a lorocyproca (invisible) and a smoke demon.

Vanquished Creatures
  Arachne (Spider:1)
  Rupert (D:14)
  An Ice Fiend (IceCv)
  4 thorn hunters
  A shadow dragon (D:13)
  The ghost of Chisa the Severer, a journeyman MiBe of Trog (Swamp:2)
  A frost giant (D:13)
  4 vault wardens
  Aizul (Swamp:2)
  3 emperor scorpions
  3 ghost moths (Spider:4)
  The ghost of manyhoops the Zephyrmancer, a journeyman DgAE (D:15)
  A reaper (WizLab)
  4 ironheart preservers (Vaults:1)
  6 entropy weavers
  A war gargoyle (Vaults:1)
  A lorocyproca (WizLab)
  Azrael (D:13)
  3 spark wasps (Spider:4)
  A green death (WizLab)
  Snorg (D:13)
  A minotaur (shapeshifter) (D:13)
  Josephine (D:10)
  The ghost of Targos the Basher, a journeyman HuFi of Fedhas (Spider:2)
  Harold (Lair:3)
  A yaktaur captain (Vaults:1)
  A fire dragon (Vaults:1)
  An ogre mage (Vaults:1)
  5 vault guards
  2 rakshasas
  Fannar (Lair:3)
  An ice dragon (Vaults:1)
  5 catoblepae
  28 hydras
  2 ghost crabs
  Erica (Lair:1)
  10 centaur warriors
  5 two-headed ogres
  10 alligators
  Urug (D:12)
  A death knight (D:13)
  16 death yaks
  2 tengu warriors (D:15)
  2 orc high priests
  3 sun demons (WizLab)
  Nergalle (D:10)
  2 deep elf knights (Vaults:1)
  4 soul eaters (WizLab)
  8 skeletal warriors
  21 slime creatures
  3 deep trolls (D:14)
  4 unseen horrors
  2 spriggan druids
  10 swamp dragons
  An orange crystal statue (D:13)
  2 shambling mangroves (Swamp:3)
  5 wizards
  A phantasmal warrior (Vaults:1)
  2 deep elf archers
  7 ironbrand convokers (Vaults:1)
  2 necromancers (D:14)
  17 ugly things
  20 orb spiders
  6 orc knights
  5 deep elf magi
  An oklob plant (Lair:6)
  34 wolf spiders
  4 manticores
  7 orc sorcerers
  6 cyclopes
  An ice statue (IceCv)
  A guardian serpent (shapeshifter) (Vaults:1)
  4 moths of wrath
  Maurice (D:8)
  18 elephants
  2 vault sentinels (Vaults:1)
  4 black mambas
  A gargoyle (D:14)
  20 spiny frogs
  4 torpor snails
  3 rime drakes
  3 kobold demonologists
  6 komodo dragons
  6 freezing wraiths
  An efreet (D:13)
  7 ice devils
  16 demonic crawlers
  2 yaktaurs (Vaults:1)
  4 golden dragon simulacra (IceCv)
  2 tormentors (WizLab)
  2 tengu conjurers (D:15)
  12 trolls
  A queen bee (shapeshifter) (D:15)
  3 meliai (Lair:5)
  5 polar bears
  A queen bee (Lair:5)
  6 tyrant leeches
  A wolf spider simulacrum (D:14)
  A polar bear (shapeshifter) (D:13)
  25 hornets
  40 jumping spiders
  11 blink frogs
  12 hippogriffs
  5 bog bodies
  4 dream sheep (Lair:2)
  A raiju (shapeshifter) (D:15)
  7 shadows
  Sigmund (D:2)
  119 redbacks
  8 spriggans
  32 tarantellas
  A vampire (D:15)
  9 wraiths
  6 wyverns
  52 yaks
  2 dire elephant simulacra (IceCv)
  4 fire elementals (D:13)
  A ynoxinul (WizLab)
  4 hogs (D:7)
  21 humans
  4 basilisks
  A death yak simulacrum (IceCv)
  33 swamp worms
  4 hungry ghosts
  An iron troll simulacrum (IceCv)
  30 vampire mosquitoes
  18 insubstantial wisps
  2 wargs
  5 harpy simulacra (IceCv)
  6 hydra simulacra (IceCv)
  14 water moccasins
  An acid dragon (D:15)
  2 hell hounds (D:13)
  43 orc warriors
  11 swamp drakes
  7 porcupines
  5 sky beasts
  2 eyes of draining
  6 ice beasts
  2 phantoms
  3 black bears
  2 necrophages
  An ettin simulacrum (IceCv)
  3 boggarts (D:15)
  A wolf (D:8)
  16 centaurs
  13 ogres
  15 crocodiles
  4 big kobolds
  Blork the orc (D:4)
  A gnoll sergeant (D:10)
  18 bullfrogs
  A water moccasin skeleton (D:5)
  A wyvern skeleton (D:14)
  7 scorpions
  32 killer bees
  5 wights (D:7)
  7 electric eels
  2 bullfrog zombies
  10 crimson imps
  3 quasits
  5 centaur zombies
  2 draconian simulacra (IceCv)
  4 jellies
  29 orc priests
  4 centaur skeletons
  16 hounds
  3 iron imps (D:5)
  40 orc wizards
  2 bullfrog skeletons (D:12)
  Natasha (twice) (D:4)
  2 iguanas (D:4)
  12 worker ants
  A polar bear simulacrum (IceCv)
  A spriggan simulacrum (IceCv)
  A wolf simulacrum (IceCv)
  3 troll simulacra (IceCv)
  3 centaur simulacra (IceCv)
  2 hound skeletons (D:5)
  2 howler monkey zombies
  Robin (D:4)
  12 gnolls
  10 adders
  An ogre simulacrum (IceCv)
  A howler monkey skeleton (D:6)
  A naga simulacrum (IceCv)
  4 shadow imps
  10 white imps (IceCv)
  2 oozes
  5 ufetubi (IceCv)
  2 adder skeletons
  15 worms
  3 leopard geckos
  106 orcs
  6 bats
  4 giant cockroaches
  23 goblins
  17 hobgoblins
  19 jackals
  4 quokkas
  2 frilled lizards
  21 kobolds
  2 leopard gecko zombies
  4 rats
  8 briar patches
  2 butterflies (Lair:5)
  3 fungi
  3 plants
1589 creatures vanquished.

Vanquished Creatures (others)
  A hydra (D:13)
  A centaur warrior (D:13)
  A deep elf archer (D:13)
  An orb spider (Spider:3)
  2 wolf spiders (Spider:4)
  A jumping spider (Spider:2)
  A tyrant leech (Swamp:4)
  A redback (Spider:2)
  A basilisk (D:13)
  A swamp worm (Swamp:3)
  A phantom (D:13)
  A necrophage (D:14)
  2 centaurs
  2 orc wizards
  2 orcs
  A briar patch (Swamp:3)
  5 fungi
  5 plants
30 creatures vanquished.

Grand Total: 1619 creatures vanquished

Notes
Turn   | Place    | Note
-------+----------+-------------------------------------------
     0 | D:1      | equalderp2856 the Minotaur Fighter began the quest for the Orb.
     0 | D:1      | Reached XP level 1. HP: 19/19 MP: 0/0
   389 | D:1      | Reached XP level 2. HP: 26/26 MP: 1/1
  1080 | D:2      | Reached XP level 3. HP: 29/33 MP: 2/2
  1246 | D:2      | Noticed Sigmund
  1256 | D:2      | Killed Sigmund
  1256 | D:2      | Reached skill level 4 in Axes
  1256 | D:2      | Reached skill level 1 in Dodging
  1256 | D:2      | Reached XP level 4. HP: 24/41 MP: 3/3
  1256 | D:2      | Reached XP level 5. HP: 27/47 MP: 4/4
  1831 | D:2      | Reached skill level 5 in Shields
  2612 | D:4      | Noticed Blork the orc
  3075 | D:4      | Killed Blork the orc
  3075 | D:4      | Reached skill level 5 in Axes
  3075 | D:4      | Reached XP level 6. HP: 49/53 MP: 5/5
  3112 | D:4      | Reached skill level 5 in Armour
  3319 | D:4      | Noticed Robin
  3328 | D:4      | Noticed Natasha
  3330 | D:4      | Killed Robin
  3336 | D:4      | Killed Natasha
  3534 | D:4      | Noticed Natasha
  3550 | D:4      | Killed Natasha
  3870 | D:4      | Reached XP level 7. HP: 53/60 MP: 6/6
  4076 | D:4      | Reached skill level 5 in Fighting
  4076 | D:4      | Reached skill level 6 in Axes
  4094 | D:4      | Found a shimmering altar of Xom.
  4107 | D:5      | Entered Level 5 of the Dungeon
  4383 | D:5      | Reached skill level 7 in Axes
  4771 | D:5      | Found a burning altar of Makhleb.
  4858 | D:5      | Found a staircase to the Ecumenical Temple.
  4915 | D:5      | Reached XP level 8. HP: 65/69 MP: 7/7
  5283 | D:6      | Found a shadowy altar of Dithmenos.
  5466 | D:6      | Reached skill level 8 in Axes
  6758 | D:6      | Learned a level 2 spell: Blink
  6868 | D:7      | Reached skill level 9 in Axes
  7121 | D:7      | Reached XP level 9. HP: 75/75 MP: 8/8
  7196 | D:7      | Reached skill level 10 in Axes
  8108 | D:7      | Found a bloodstained altar of Trog.
  8312 | D:8      | Noticed Maurice
  8319 | D:8      | Reached skill level 11 in Axes
  8365 | D:8      | Killed Maurice
  8365 | D:8      | Reached XP level 10. HP: 30/86 MP: 9/9
  8387 | D:8      | Got a spiked ring mail
  8435 | D:8      | Found a flagged portal.
  8448 | Bailey   | Entered a bailey
  8904 | Bailey   | Noticed an orc sorcerer
  8905 | Bailey   | Found an iron altar of Okawaru.
  8918 | Bailey   | Killed an orc sorcerer
  9164 | Bailey   | HP: 3/88 [orc warrior/war axe (16)]
  9364 | Bailey   | Reached skill level 12 in Axes
  9694 | Bailey   | Noticed an orc knight
  9717 | Bailey   | Killed an orc knight
 11499 | Bailey   | Identified the cursed +0 ring mail of Weightlessness {rN+ Str+3 Dex+2 Stlth+} (You found it on level 8 of the Dungeon)
 11765 | D:8      | Reached skill level 1 in Stealth
 12060 | D:8      | Reached skill level 10 in Armour
 12575 | D:8      | Reached skill level 13 in Axes
 12624 | D:8      | Found a staircase to the Lair.
 13335 | D:9      | Reached XP level 11. HP: 95/95 MP: 10/10
 13772 | D:9      | Found a glowing silver altar of Zin.
 13772 | D:9      | Found a white marble altar of Elyvilon.
 13773 | D:9      | Found a glowing golden altar of the Shining One.
 13920 | D:10     | Entered Level 10 of the Dungeon
 14112 | D:10     | Noticed Nergalle
 14130 | D:10     | Killed Nergalle
 14285 | D:10     | Noticed Josephine
 14321 | D:10     | Killed Josephine
 14393 | D:9      | Reached skill level 14 in Axes
 15641 | D:11     | Found a staircase to the Orcish Mines.
 15717 | D:11     | Noticed a purple ugly thing
 15731 | D:11     | Killed a purple ugly thing
 15731 | D:11     | Reached skill level 10 in Fighting
 15894 | D:11     | Noticed a two-headed ogre
 15905 | D:11     | Killed a two-headed ogre
 15905 | D:11     | Reached skill level 10 in Shields
 15909 | D:11     | Found a basalt altar of Yredelemnul.
 16318 | Lair:1   | Entered Level 1 of the Lair of Beasts
 16398 | Lair:1   | Reached XP level 12. HP: 106/106 MP: 11/11
 16618 | Lair:1   | Noticed a five-headed hydra
 16638 | Lair:1   | Killed a six-headed hydra
 16638 | Lair:1   | Reached skill level 15 in Axes
 17087 | Lair:1   | Reached skill level 1 in Polearms
 17153 | Lair:1   | Noticed Erica
 17167 | Lair:1   | Killed Erica
 18531 | D:12     | Noticed Urug
 18538 | D:12     | Killed Urug
 18752 | D:12     | Found Qaugut's Food Emporium.
 19191 | D:12     | Found a runed door.
 19191 | D:12     | Noticed a war gargoyle
 19192 | D:12     | Noticed a tengu reaver
 20182 | Lair:2   | Reached skill level 1 in Spellcasting
 20263 | Lair:2   | Learned a level 1 spell: Infusion
 20266 | Lair:2   | Learned a level 2 spell: Shroud of Golubria
 20269 | Lair:2   | Learned a level 2 spell: Song of Slaying
 20273 | Lair:2   | Learned a level 3 spell: Regeneration
 20277 | Lair:2   | Learned a level 3 spell: Spectral Weapon
 20437 | Lair:2   | Found a staircase to the Swamp.
 20781 | Lair:2   | Found a hole to the Spider Nest.
 20793 | Lair:2   | Reached skill level 16 in Axes
 21047 | Lair:3   | Reached XP level 13. HP: 96/116 MP: 14/14
 21846 | Lair:3   | Noticed Fannar
 21848 | Lair:3   | Noticed Harold
 21867 | Lair:3   | Killed Fannar
 21876 | Lair:3   | Killed Harold
 23921 | Lair:4   | Got a translucent plate armour
 23935 | Lair:4   | Identified the +6 plate armour of Pulior {rC+ Regen+} (You found it on level 4 of the Lair of Beasts)
 24362 | Lair:5   | Reached skill level 17 in Axes
 24936 | Lair:5   | Paralysed by fainting for 12 turns
 25113 | Lair:6   | Entered Level 6 of the Lair of Beasts
 25132 | Lair:6   | Reached XP level 14. HP: 87/127 MP: 18/18
 25246 | Lair:6   | Found a staircase to the Slime Pits.
 27251 | Orc:1    | Entered Level 1 of the Orcish Mines
 27277 | Orc:1    | Reached skill level 18 in Axes
 27347 | Orc:1    | Found Uzxeusih's Jewellery Shoppe.
 27739 | Orc:2    | Entered Level 2 of the Orcish Mines
 27739 | Orc:2    | Found Purph's Assorted Antiques.
 27742 | Orc:2    | Found Zomme's Book Boutique.
 28074 | Orc:2    | Found a staircase to the Elven Halls.
 28115 | Orc:2    | Reached skill level 5 in Spellcasting
 28272 | Orc:1    | Reached skill level 1 in Necromancy
 28368 | Orc:2    | Reached skill level 1 in Charms
 28468 | Orc:2    | Found Ixoepouq's Book Boutique.
 28468 | Orc:2    | Found Joler's General Store.
 28469 | Orc:2    | Found Zoibi's Book Shop.
 28480 | Orc:2    | Found Alaqu's General Store.
 28898 | Orc:2    | Bought a scroll labeled FOCSASU UHITZA for 24 gold pieces
 28898 | Orc:2    | Bought a scroll labeled HAOFFI GOATH for 24 gold pieces
 28952 | Orc:2    | Bought a potion of heal wounds for 80 gold pieces
 29360 | D:13     | Noticed Snorg
 29370 | D:13     | Killed Snorg
 29445 | D:13     | Reached skill level 1 in Hexes
 29470 | D:13     | Reached XP level 15. HP: 111/136 MP: 8/21
 29500 | D:13     | Noticed a shadow dragon
 29501 | D:13     | Found a transporter.
 29509 | D:13     | Noticed a frost giant
 29517 | D:13     | Noticed Azrael
 29531 | D:13     | Killed Azrael
 29531 | D:13     | Reached skill level 1 in Translocations
 29996 | D:13     | Found a runed door.
 30015 | D:13     | Found a transporter.
 30387 | D:13     | Found a roughly hewn altar of Beogh.
 30733 | D:14     | Noticed Rupert
 30750 | D:14     | Killed Rupert
 30932 | D:14     | Found a gate to the Vaults.
 31256 | D:14     | Found a sacrificial altar of Ru.
 31566 | D:15     | Entered Level 15 of the Dungeon
 31946 | D:15     | Noticed manyhoops's ghost (journeyman DgAE)
 31968 | D:15     | Killed manyhoops's ghost
 32351 | D:15     | Found a staircase to the Depths.
 32577 | D:15     | Reached XP level 16. HP: 133/146 MP: 24/24
 35456 | D:13     | Killed a shadow dragon
 35823 | D:13     | Got a blackened hat
 35837 | D:13     | Identified the +0 hat of Kubifigh {*Drain MR- Str+2 Int+10} (You found it on level 13 of the Dungeon)
 35871 | D:13     | Identified Sif Muna's Handbook of Moulding
 36493 | D:13     | Got a smoking granite ring
 36499 | D:13     | Got a smoking war axe
 37151 | Lair:1   | Identified the ring of the Death Scarab {+Inv rPois MR+ Str-2 Dex+3} (You found it on level 13 of the Dungeon)
 37400 | Swamp:1  | Entered Level 1 of the Swamp
 37563 | Swamp:1  | Identified the +4 war axe "Boczepn" {vamp, Int+2} (You found it on level 13 of the Dungeon)
 37615 | Swamp:1  | Found a transporter.
 37666 | Swamp:1  | Found a frozen archway.
 37676 | IceCv    | Entered an ice cave
 38571 | IceCv    | Noticed an Ice Fiend
 38857 | IceCv    | Killed an Ice Fiend
 39068 | IceCv    | Got a pair of polished gloves
 39080 | IceCv    | Identified the +1 pair of gloves of Poor Excuses {+Blink MR- Regen+ Str-3} (You found it in an ice cave)
 39171 | IceCv    | Got a translucent quarterstaff
 39393 | Swamp:1  | Found a transporter.
 39452 | Swamp:1  | Reached skill level 15 in Armour
 40477 | Swamp:2  | Paralysed by a hornet for 3 turns
 40688 | Swamp:2  | Noticed Aizul
 40711 | Swamp:2  | Killed Aizul
 40909 | Swamp:2  | Noticed Chisa's ghost (journeyman MiBe)
 41135 | Swamp:2  | Reached skill level 19 in Axes
 41822 | Swamp:2  | Killed Chisa's ghost
 42338 | Swamp:3  | Noticed a thorn hunter
 42362 | Swamp:3  | Killed a thorn hunter
 42506 | Swamp:3  | Reached XP level 17. HP: 104/154 MP: 26/26
 42968 | Swamp:3  | Reached skill level 15 in Fighting
 43227 | Swamp:4  | Entered Level 4 of the Swamp
 43438 | Swamp:4  | Reached skill level 5 in Charms
 43801 | Swamp:3  | Reached skill level 15 in Shields
 44366 | Swamp:4  | Got a decaying rune of Zot
 44772 | Swamp:2  | Paralysed by fainting for 7 turns
 45185 | Spider:1 | Entered Level 1 of the Spider Nest
 46179 | Spider:2 | Noticed Targos's ghost (journeyman HuFi)
 46291 | Spider:2 | Killed Targos's ghost
 46351 | Spider:1 | Reached XP level 18. HP: 162/166 MP: 29/29
 46472 | Spider:2 | Noticed Arachne
 46499 | Spider:1 | Killed Arachne
 46603 | Spider:2 | Reached skill level 5 in Dodging
 48044 | Spider:4 | Entered Level 4 of the Spider Nest
 48047 | Spider:4 | Reached skill level 20 in Axes
 49298 | Spider:4 | Paralysed by a hornet for 2 turns
 49558 | Spider:4 | Got a gossamer rune of Zot
 50353 | Swamp:1  | Paralysed by the power of Zot for 2 turns
 50360 | Swamp:1  | Reached XP level 19. HP: 153/174 MP: 30/30
 50413 | Swamp:1  | Got a brightly glowing lead ring
 50423 | Swamp:1  | Got a steaming pewter ring
 50426 | Swamp:1  | Got a transparent ivory ring
 50809 | Swamp:3  | Got an ancient chain mail
 50825 | Swamp:3  | Identified the +3 chain mail "Semalynolo" {MR+ Stlth+} (You found it on level 3 of the Swamp)
 51268 | Lair:1   | Identified the ring "Syegifeq" {rN+ Str+5 Stlth+} (You found it on level 1 of the Swamp)
 51270 | Lair:1   | Identified the ring "Zyoneham" {Fire Int-3 Dex+3 Stlth+} (You found it on level 1 of the Swamp)
 51272 | Lair:1   | Identified the ring of the Moon {MR+ Int+3} (You found it on level 1 of the Swamp)
 52918 | Spider:4 | Got a smoking scale mail
 52929 | Spider:4 | Identified the cursed +0 scale mail of the End {rPois Int+2} (You found it on level 4 of the Spider Nest)
 55258 | Lair:5   | Got a scorched rapier
 56151 | Lair:6   | Got a scintillating brass ring
 56374 | Lair:1   | Identified the ring "Ezizigy" {MR+ Int+3 SInv} (You found it on level 6 of the Lair of Beasts)
 56585 | Orc:2    | Bought a +2 cloak of magic resistance for 279 gold pieces
 56944 | Vaults:1 | Entered Level 1 of the Vaults
 57911 | Vaults:1 | Found Nuurchor's Gadget Shop.
 58619 | Vaults:2 | Found a magical portal.
 58643 | WizLab   | Entered Doroklohe's Tomb
 59008 | WizLab   | Noticed a Tzitzimitl
 59052 | WizLab   | HP: 6/177 [Tzitzimitl/bolt of cold (10)]
 59052 | WizLab   | Killed from afar by a Tzitzimitl

Skill      XL: |  1  2  3  4  5  6  7  8  9 10 11 12 13 14 15 16 17 18 19 |
---------------+----------------------------------------------------------+-----
Shields        | 4 5 6 8 10 11 12 13 14 15 17 | 17.8
Fighting       | 4 5 6 7 8 10 11 12 13 14 15 16 17 | 17.2
Axes           | 4 5 7 9 11 13 14 16 17 18 19 20 | 20.6
Armour         | 4 5 7 8 10 11 12 13 14 15 16 | 16.9
Dodging        | 1 2 3 4 5 |  5.3
Stealth        | 1 2 |  2.7
Polearms       | 2 3 |  3.9
Spellcasting   | 1 3 5 6 7 8 9 |  9.4
Necromancy     | 1 2 |  2.7
Charms         | 1 3 4 5 6 7 |  7.1
Hexes          | 1 3 |  3.0
Translocations | 2 |  2.3
Evocations     | |  0.6

Action                   |  1- 3 |  4- 6 |  7- 9 | 10-12 | 13-15 | 16-18 | 19-21 || total
-------------------------+-------+-------+-------+-------+-------+-------+-------++-------
Melee: War axe           |    61 |   140 |   393 |   210 |       |       |   107 ||   911
       Headbutt          |     5 |    21 |    61 |   171 |   284 |   457 |   105 ||  1104
       Broad axe         |       |       |       |   680 |  1216 |  1833 |   405 ||  4134
       Trident           |       |       |       |     9 |    18 |    65 |       ||    92
Evoke: Wand              |       |       |       |     3 |       |     5 |     1 ||     9
       Lightning rod     |       |       |       |       |       |       |     3 ||     3
  Use: Scroll            |       |     1 |    10 |    16 |    11 |    13 |     6 ||    57
       Potion            |       |     1 |     1 |     4 |       |     2 |     6 ||    14
 Stab: Petrified         |       |       |       |       |    10 |       |       ||    10
       Distracted        |       |       |       |       |       |     1 |       ||     1
  Eat: Chunk             |     1 |     6 |    12 |    27 |    26 |    24 |    12 ||   108
       Bread ration      |       |     1 |       |       |       |       |       ||     1
       Fruit             |       |       |       |    11 |     3 |    23 |     4 ||    41
       Royal jelly       |       |       |       |     5 |     3 |     2 |       ||    10
       Meat ration       |       |       |       |       |     1 |     2 |     3 ||     6
Armor: Scale mail        |    26 |    51 |    50 |       |       |       |       ||   127
       Plate armour      |       |       |   156 |   478 |   701 |  1826 |   236 ||  3397
       Skin              |       |       |       |    11 |       |       |       ||    11
       Chain mail        |       |       |       |       |       |       |    20 ||    20
Dodge: Dodged            |    20 |    46 |    92 |   200 |   284 |   808 |   114 ||  1564
Block: Shield            |    45 |    88 |   225 |   499 |   785 |  2020 |   433 ||  4095
       Reflection        |       |       |       |       |    31 |    22 |    13 ||    66
